General information
- name: BNet
- type: Ladder team game (AT/RT)
- host: Battle.net
- saver: pizzafan1739
map: SunrockCove
- players: 6
- length: 70:57
- speed: Fast
- version: 1.27 W3XP
- replay type:

» download(535 KB)
Players
team 1 (winner)
iggy_the_fisk (
pink | 101 APM | 7182 actions | 70:56)
5 Mountain King
3 Storm Bolt
2 Bash
5 Paladin
3 Holy Light
2 Divine Shield
» actions
| Assign group hotkey | 429 | |
| Basic commands | 132 | |
| Build / train | 234 | |
| Enter build submenu | 257 | |
| Enter hero's abilities submenu | 11 | |
| Give item / drop item | 6 | |
| Remove unit from queue | 7 | |
| Right click | 2872 | |
| Select / deselect | 1025 | |
| Select group hotkey | 1613 | |
| Use ability | 593 | |
7182 total
» units
| Peasant | 27 | |
| Dragonhawk Rider | 8 | |
35 total
» upgrades
| Masonry | 3 | |
| Lumber Harvesting | 3 | |
| Magic Sentry | 1 | |
| Swords | 3 | |
| Armor | 3 | |
| Animal War Training | 1 | |
| Cloud | 1 | |
15 total
» buildings
| Altar of Kings | 2 | |
| Farm | 8 | |
| Lumber Mill | 1 | |
| Scout Tower | 327 | |
| Arcane Tower | 24 | |
| Guard Tower | 129 | |
| Keep | 1 | |
| Town Hall | 2 | |
| Arcane Sanctum | 1 | |
| Castle | 1 | |
| Arcane Vault | 2 | |
| Gryphon Aviary | 2 | |
| Barracks | 2 | |
| Blacksmith | 1 | |
503 total
» build order
00:11 Altar of Kings
00:25 Farm
00:58 Lumber Mill
01:05 Scout Tower
01:08 Scout Tower
01:17 Farm
01:23 Scout Tower
01:45 Arcane Tower
01:47 Scout Tower
01:50 Arcane Tower
01:55 Scout Tower
02:04 Farm
02:10 Guard Tower
02:17 Scout Tower
02:26 Scout Tower
02:49 Guard Tower
02:50 Guard Tower
02:51 Scout Tower
02:56 Guard Tower
03:03 Guard Tower
03:10 Scout Tower
03:12 Scout Tower
03:17 Guard Tower
03:24 Scout Tower
03:28 Scout Tower
03:52 Arcane Tower
04:21 Guard Tower
04:24 Scout Tower
04:32 Scout Tower
04:34 Guard Tower
04:34 Guard Tower
04:36 Scout Tower
04:37 Scout Tower
04:59 Scout Tower
05:00 Scout Tower
05:02 Guard Tower
05:07 Scout Tower
05:13 Keep
05:26 Guard Tower
05:49 Town Hall
05:53 Scout Tower
05:53 Scout Tower
05:57 Scout Tower
05:57 Scout Tower
06:05 Guard Tower
06:10 Scout Tower
06:12 Scout Tower
06:17 Scout Tower
06:18 Scout Tower
06:19 Scout Tower
06:38 Arcane Tower
06:39 Guard Tower
06:45 Arcane Tower
07:01 Guard Tower
07:03 Scout Tower
07:06 Scout Tower
07:15 Guard Tower
07:15 Guard Tower
07:16 Guard Tower
07:16 Guard Tower
07:29 Guard Tower
07:32 Scout Tower
07:33 Scout Tower
07:36 Guard Tower
07:54 Scout Tower
07:55 Scout Tower
07:57 Scout Tower
08:06 Scout Tower
08:07 Scout Tower
08:09 Scout Tower
08:11 Scout Tower
08:12 Guard Tower
08:13 Guard Tower
08:38 Scout Tower
08:38 Scout Tower
08:41 Guard Tower
08:41 Guard Tower
09:35 Arcane Sanctum
09:35 Guard Tower
09:36 Guard Tower
09:37 Scout Tower
09:38 Scout Tower
09:40 Arcane Tower
09:41 Guard Tower
09:46 Scout Tower
09:47 Scout Tower
09:48 Scout Tower
09:57 Guard Tower
09:58 Scout Tower
09:59 Scout Tower
10:00 Scout Tower
10:01 Scout Tower
10:01 Scout Tower
10:22 Guard Tower
10:30 Guard Tower
10:44 Scout Tower
11:29 Guard Tower
11:32 Scout Tower
11:33 Scout Tower
11:34 Scout Tower
11:35 Scout Tower
11:38 Guard Tower
11:41 Guard Tower
11:42 Scout Tower
11:43 Scout Tower
11:44 Scout Tower
11:47 Castle
11:58 Scout Tower
11:59 Scout Tower
12:00 Guard Tower
12:02 Scout Tower
12:04 Scout Tower
12:05 Scout Tower
12:06 Scout Tower
12:10 Guard Tower
12:11 Scout Tower
12:12 Scout Tower
12:12 Scout Tower
12:13 Scout Tower
12:19 Scout Tower
12:21 Scout Tower
12:23 Guard Tower
12:37 Scout Tower
12:38 Scout Tower
12:39 Scout Tower
12:40 Scout Tower
12:41 Scout Tower
12:48 Guard Tower
12:50 Arcane Tower
12:52 Guard Tower
13:05 Guard Tower
13:06 Scout Tower
13:07 Scout Tower
13:07 Scout Tower
13:08 Scout Tower
13:11 Guard Tower
13:14 Scout Tower
13:15 Scout Tower
13:17 Scout Tower
13:17 Scout Tower
13:18 Scout Tower
13:32 Arcane Vault
13:36 Guard Tower
13:51 Scout Tower
13:51 Scout Tower
13:52 Scout Tower
14:04 Guard Tower
14:07 Guard Tower
14:09 Scout Tower
14:09 Scout Tower
14:10 Scout Tower
14:10 Scout Tower
14:15 Guard Tower
14:19 Scout Tower
14:19 Scout Tower
14:20 Scout Tower
14:22 Guard Tower
14:24 Scout Tower
14:26 Scout Tower
14:27 Scout Tower
14:46 Scout Tower
14:47 Scout Tower
14:47 Scout Tower
14:47 Scout Tower
14:49 Scout Tower
14:50 Scout Tower
14:50 Scout Tower
14:52 Scout Tower
14:53 Scout Tower
14:53 Scout Tower
14:54 Scout Tower
14:56 Scout Tower
14:56 Scout Tower
14:57 Scout Tower
14:57 Scout Tower
15:02 Scout Tower
15:02 Scout Tower
15:03 Scout Tower
15:03 Scout Tower
15:05 Scout Tower
15:05 Scout Tower
15:08 Guard Tower
15:18 Guard Tower
15:25 Arcane Tower
15:27 Guard Tower
15:37 Scout Tower
15:37 Scout Tower
15:47 Guard Tower
15:49 Guard Tower
15:50 Scout Tower
15:51 Scout Tower
16:15 Guard Tower
16:18 Scout Tower
16:18 Scout Tower
16:22 Arcane Tower
17:05 Guard Tower
17:06 Scout Tower
17:09 Scout Tower
17:10 Scout Tower
17:11 Scout Tower
17:12 Scout Tower
17:27 Guard Tower
17:28 Scout Tower
17:29 Scout Tower
17:31 Guard Tower
17:33 Scout Tower
17:35 Scout Tower
17:36 Scout Tower
17:38 Scout Tower
17:40 Guard Tower
17:41 Scout Tower
17:42 Scout Tower
17:53 Scout Tower
17:53 Scout Tower
17:57 Scout Tower
18:05 Arcane Tower
18:07 Scout Tower
18:11 Guard Tower
18:12 Scout Tower
18:13 Scout Tower
18:18 Scout Tower
18:21 Scout Tower
18:23 Arcane Tower
18:23 Guard Tower
18:23 Guard Tower
18:24 Guard Tower
18:28 Scout Tower
18:30 Guard Tower
18:32 Scout Tower
18:32 Scout Tower
18:43 Scout Tower
18:43 Scout Tower
18:47 Guard Tower
18:53 Scout Tower
18:53 Scout Tower
18:55 Scout Tower
19:07 Scout Tower
19:11 Guard Tower
19:19 Gryphon Aviary
19:20 Guard Tower
19:23 Barracks
19:25 Blacksmith
19:29 Guard Tower
19:32 Scout Tower
19:33 Scout Tower
19:33 Scout Tower
19:35 Guard Tower
19:36 Guard Tower
19:38 Scout Tower
19:39 Scout Tower
19:41 Guard Tower
19:46 Scout Tower
19:51 Scout Tower
19:52 Scout Tower
20:02 Guard Tower
20:05 Guard Tower
20:07 Arcane Tower
20:09 Scout Tower
20:14 Scout Tower
20:14 Scout Tower
20:16 Scout Tower
20:17 Scout Tower
20:18 Scout Tower
20:20 Guard Tower
20:22 Scout Tower
20:25 Scout Tower
20:33 Guard Tower
20:48 Guard Tower
20:54 Guard Tower
21:27 Guard Tower
21:29 Scout Tower
21:30 Scout Tower
21:32 Scout Tower
21:32 Scout Tower
21:33 Scout Tower
21:34 Scout Tower
21:38 Scout Tower
21:40 Scout Tower
21:40 Scout Tower
21:41 Scout Tower
21:50 Guard Tower
21:58 Scout Tower
21:59 Scout Tower
21:59 Scout Tower
22:00 Scout Tower
22:01 Scout Tower
22:01 Scout Tower
22:05 Scout Tower
22:06 Scout Tower
22:15 Guard Tower
22:17 Scout Tower
22:22 Arcane Tower
22:41 Guard Tower
22:42 Scout Tower
22:50 Barracks
22:56 Guard Tower
22:58 Scout Tower
22:59 Scout Tower
23:26 Guard Tower
23:29 Guard Tower
23:59 Guard Tower
24:01 Scout Tower
24:07 Scout Tower
24:08 Scout Tower
24:11 Guard Tower
24:33 Guard Tower
24:35 Scout Tower
24:53 Scout Tower
24:54 Scout Tower
25:16 Scout Tower
25:16 Scout Tower
25:47 Guard Tower
25:52 Guard Tower
26:22 Scout Tower
26:28 Scout Tower
26:30 Scout Tower
26:31 Scout Tower
27:11 Scout Tower
27:12 Scout Tower
27:13 Scout Tower
27:13 Scout Tower
27:14 Scout Tower
27:15 Scout Tower
27:18 Scout Tower
27:19 Scout Tower
27:19 Scout Tower
27:20 Scout Tower
27:30 Scout Tower
27:30 Scout Tower
27:31 Scout Tower
27:32 Scout Tower
27:32 Scout Tower
27:32 Scout Tower
27:46 Guard Tower
28:05 Guard Tower
28:44 Gryphon Aviary
29:11 Scout Tower
29:12 Scout Tower
29:38 Guard Tower
29:40 Scout Tower
29:40 Guard Tower
29:42 Scout Tower
30:08 Guard Tower
30:10 Scout Tower
30:13 Scout Tower
30:14 Guard Tower
30:16 Scout Tower
30:22 Farm
30:22 Guard Tower
30:24 Scout Tower
30:36 Guard Tower
30:37 Scout Tower
30:39 Scout Tower
30:43 Arcane Tower
30:44 Guard Tower
30:53 Guard Tower
30:55 Scout Tower
30:56 Scout Tower
30:58 Scout Tower
30:58 Scout Tower
30:59 Scout Tower
31:00 Scout Tower
31:00 Scout Tower
31:03 Scout Tower
31:03 Scout Tower
31:04 Scout Tower
31:04 Scout Tower
31:07 Farm
31:08 Farm
31:10 Farm
31:16 Guard Tower
31:18 Scout Tower
31:19 Scout Tower
31:21 Scout Tower
31:23 Scout Tower
31:23 Arcane Tower
31:37 Guard Tower
31:47 Guard Tower
31:53 Scout Tower
31:54 Scout Tower
31:54 Scout Tower
32:10 Scout Tower
32:11 Scout Tower
32:12 Guard Tower
32:15 Scout Tower
32:17 Scout Tower
32:45 Guard Tower
32:49 Guard Tower
33:04 Scout Tower
34:02 Guard Tower
34:04 Guard Tower
34:05 Scout Tower
34:08 Scout Tower
34:21 Town Hall
34:26 Scout Tower
34:27 Scout Tower
34:28 Scout Tower
34:28 Scout Tower
34:29 Scout Tower
34:30 Scout Tower
34:30 Scout Tower
34:32 Scout Tower
34:33 Scout Tower
34:35 Guard Tower
34:39 Scout Tower
34:40 Scout Tower
34:41 Scout Tower
34:42 Scout Tower
34:43 Scout Tower
34:44 Scout Tower
34:45 Scout Tower
34:45 Scout Tower
35:39 Guard Tower
35:42 Scout Tower
35:48 Guard Tower
35:56 Scout Tower
35:59 Scout Tower
36:01 Arcane Tower
36:02 Arcane Tower
36:06 Guard Tower
36:30 Guard Tower
36:34 Farm
36:43 Guard Tower
37:21 Guard Tower
37:41 Scout Tower
37:42 Scout Tower
37:43 Scout Tower
37:43 Scout Tower
38:02 Guard Tower
38:10 Scout Tower
38:11 Scout Tower
38:12 Scout Tower
38:12 Scout Tower
38:12 Scout Tower
38:13 Scout Tower
38:14 Guard Tower
38:17 Scout Tower
38:18 Scout Tower
38:28 Guard Tower
38:36 Arcane Tower
38:52 Guard Tower
39:36 Guard Tower
39:39 Scout Tower
39:40 Scout Tower
39:41 Scout Tower
39:42 Scout Tower
39:45 Scout Tower
39:46 Scout Tower
39:47 Scout Tower
39:49 Scout Tower
39:49 Scout Tower
39:50 Scout Tower
39:50 Scout Tower
39:51 Scout Tower
40:14 Guard Tower
40:41 Arcane Tower
41:01 Guard Tower
41:18 Scout Tower
41:19 Scout Tower
41:20 Scout Tower
41:22 Altar of Kings
42:01 Guard Tower
42:10 Guard Tower
42:12 Scout Tower
42:13 Scout Tower
42:30 Arcane Tower
42:44 Guard Tower
42:46 Scout Tower
42:46 Scout Tower
42:47 Scout Tower
43:10 Guard Tower
43:20 Guard Tower
43:23 Scout Tower
43:24 Scout Tower
43:24 Scout Tower
43:25 Scout Tower
43:26 Scout Tower
43:27 Scout Tower
43:33 Scout Tower
44:44 Guard Tower
46:40 Scout Tower
46:43 Scout Tower
46:44 Scout Tower
46:50 Guard Tower
46:53 Scout Tower
46:54 Scout Tower
47:07 Guard Tower
47:09 Scout Tower
47:15 Scout Tower
47:16 Scout Tower
47:17 Scout Tower
47:27 Arcane Tower
47:37 Arcane Tower
47:43 Guard Tower
47:46 Guard Tower
48:05 Guard Tower
48:39 Arcane Tower
49:17 Guard Tower
55:31 Arcane Vault
57:11 Scout Tower
57:12 Scout Tower
59:17 Arcane Tower
» items
| Boots of Speed | 2 | |
| Staff of Teleportation | 2 | |
| Healing Salve | 1 | |
| Staff of Sanctuary | 2 | |
| Scroll of Regeneration | 1 | |
8 total
pizzafan1739 (
green | 100 APM | 7091 actions | 70:57)
6 Blademaster
3 Wind Walk
2 Critical Strike
1 Bladestorm
» actions
| Assign group hotkey | 20 | |
| Basic commands | 52 | |
| Build / train | 80 | |
| Enter build submenu | 78 | |
| Enter hero's abilities submenu | 6 | |
| Give item / drop item | 7 | |
| Remove unit from queue | 5 | |
| Right click | 4957 | |
| Select / deselect | 665 | |
| Select group hotkey | 872 | |
| Use ability | 340 | |
7091 total
» units
| Peon | 21 | |
| Troll Batrider | 15 | |
| Goblin Zeppelin | 1 | |
37 total
» upgrades
| Liquid Fire | 1 | |
| Ranged Weapons | 3 | |
| Armor | 3 | |
| Reinforced Defenses | 1 | |
8 total
» buildings
| Altar of Storms | 3 | |
| Orc Burrow | 9 | |
| War Mill | 3 | |
| Voodoo Lounge | 3 | |
| Watch Tower | 46 | |
| Stronghold | 6 | |
| Great Hall | 3 | |
| Fortress | 3 | |
| Beastiary | 3 | |
79 total
» build order
00:08 Altar of Storms
00:19 Orc Burrow
00:36 War Mill
00:56 Voodoo Lounge
01:57 Watch Tower
02:20 Watch Tower
03:00 Stronghold
03:00 Stronghold
03:01 Stronghold
03:15 Watch Tower
03:25 Watch Tower
03:47 Watch Tower
03:55 Watch Tower
04:28 Watch Tower
05:20 Great Hall
05:28 Fortress
05:44 Voodoo Lounge
06:00 Watch Tower
06:01 Watch Tower
06:01 Watch Tower
06:02 Watch Tower
06:47 Great Hall
06:54 Watch Tower
06:57 Watch Tower
06:58 Watch Tower
07:26 Watch Tower
08:07 Watch Tower
08:09 Watch Tower
08:32 Watch Tower
08:47 Watch Tower
08:48 Watch Tower
08:51 Watch Tower
09:11 Watch Tower
09:49 Watch Tower
10:10 Beastiary
11:45 Altar of Storms
11:46 Orc Burrow
12:47 Orc Burrow
12:48 War Mill
22:06 War Mill
22:54 Orc Burrow
22:57 Orc Burrow
23:35 Watch Tower
23:36 Watch Tower
23:54 Watch Tower
23:57 Watch Tower
24:11 Watch Tower
24:12 Watch Tower
26:54 Great Hall
27:22 Watch Tower
28:48 Orc Burrow
28:49 Orc Burrow
30:15 Watch Tower
30:17 Watch Tower
30:18 Watch Tower
31:34 Watch Tower
31:54 Stronghold
31:54 Stronghold
31:56 Orc Burrow
32:35 Watch Tower
32:41 Voodoo Lounge
34:24 Altar of Storms
34:30 Beastiary
34:38 Beastiary
35:16 Watch Tower
35:21 Watch Tower
35:22 Watch Tower
35:23 Watch Tower
35:23 Watch Tower
35:36 Fortress
35:36 Fortress
36:22 Watch Tower
36:23 Watch Tower
36:24 Watch Tower
36:25 Watch Tower
40:37 Watch Tower
40:38 Watch Tower
57:18 Orc Burrow
» items
| Healing Salve | 1 | |
| Lesser Clarity Potion | 3 | |
| Staff of Teleportation | 1 | |
| Boots of Speed | 3 | |
| Orb of Lightning | 1 | |
| Mechanical Critter | 2 | |
11 total
stonelike (
orange | 85 APM | 6036 actions | 70:56)
5 Warden
2 Shadow Strike
3 Blink
» actions
| Assign group hotkey | 569 | |
| Basic commands | 5 | |
| Build / train | 89 | |
| ESC pressed | 4 | |
| Enter build submenu | 43 | |
| Enter hero's abilities submenu | 5 | |
| Give item / drop item | 15 | |
| Right click | 3551 | |
| Select / deselect | 890 | |
| Select group hotkey | 515 | |
| Use ability | 327 | |
6036 total
» units
» upgrades
» buildings
| Altar of Elders | 2 | |
| Moon Well | 17 | |
| Tree of Ages | 1 | |
| Tree of Life | 10 | |
| Tree of Eternity | 2 | |
| Ancient of Wonders | 1 | |
33 total
» build order
00:05 Altar of Elders
00:18 Moon Well
03:03 Moon Well
03:04 Moon Well
03:31 Tree of Ages
04:54 Moon Well
04:55 Moon Well
05:29 Tree of Life
06:15 Moon Well
06:16 Moon Well
07:31 Moon Well
09:28 Tree of Eternity
09:43 Moon Well
14:40 Tree of Life
15:36 Tree of Life
16:55 Tree of Life
17:00 Tree of Life
18:11 Tree of Life
18:55 Tree of Eternity
21:28 Tree of Life
21:30 Tree of Life
25:13 Ancient of Wonders
31:47 Tree of Life
49:23 Altar of Elders
49:29 Moon Well
49:31 Moon Well
49:53 Tree of Life
50:26 Moon Well
50:35 Moon Well
63:12 Moon Well
63:16 Moon Well
63:17 Moon Well
63:19 Moon Well
» items
| Boots of Speed | 1 | |
| Staff of Teleportation | 1 | |
| Orb of Lightning | 1 | |
| Healing Salve | 5 | |
| Lesser Clarity Potion | 2 | |
| Scroll of Town Portal | 1 | |
| Scroll of Regeneration | 1 | |
12 total
team 2 (loser)
ChriSzZ (
yellow | 123 APM | 8657 actions | 70:06)
8 Death Knight
3 Death Coil
3 Unholy Aura
1 Animate Dead
1 Death Pact
» actions
| Assign group hotkey | 40 | |
| Basic commands | 92 | |
| Build / train | 71 | |
| ESC pressed | 3 | |
| Enter build submenu | 18 | |
| Enter hero's abilities submenu | 8 | |
| Give item / drop item | 3 | |
| Right click | 3697 | |
| Select / deselect | 1811 | |
| Select group hotkey | 2614 | |
| Use ability | 291 | |
8657 total
» units
| Acolyte | 2 | |
| Ghoul | 1 | |
| Crypt Fiend | 11 | |
| Obsidian Statue | 3 | |
| Banshee | 10 | |
| Frost Wyrm | 9 | |
36 total
» upgrades
| Creature Attack | 3 | |
| Creature Carapace | 3 | |
| Banshee Training | 2 | |
| Web | 1 | |
| Freezing Breath | 1 | |
| Ghoul Frenzy | 1 | |
| Necromancer Training | 1 | |
12 total
» buildings
| Graveyard | 1 | |
| Crypt | 3 | |
| Ziggurat | 9 | |
| Altar of Darkness | 1 | |
| Tomb of Relics | 1 | |
| Nerubian Tower | 2 | |
| Halls of the Dead | 1 | |
| Black Citadel | 1 | |
| Sacrificial Pit | 1 | |
| Temple of the Damned | 3 | |
| Slaughterhouse | 1 | |
| Boneyard | 2 | |
| Spirit Tower | 1 | |
27 total
» build order
00:10 Graveyard
00:11 Crypt
00:15 Ziggurat
00:16 Crypt
00:40 Altar of Darkness
00:43 Ziggurat
00:53 Tomb of Relics
01:05 Crypt
01:25 Ziggurat
01:51 Ziggurat
02:34 Nerubian Tower
03:06 Halls of the Dead
04:31 Ziggurat
04:32 Ziggurat
04:32 Ziggurat
05:28 Black Citadel
05:31 Sacrificial Pit
05:32 Temple of the Damned
05:33 Temple of the Damned
05:34 Temple of the Damned
05:35 Slaughterhouse
07:58 Boneyard
07:59 Boneyard
08:00 Ziggurat
08:01 Ziggurat
57:20 Spirit Tower
57:23 Nerubian Tower
» items
| Dust of Appearance | 1 | |
| Rod of Necromancy | 1 | |
| Potion of Healing | 1 | |
| Scroll of Town Portal | 1 | |
4 total
SirMuckington (
blue | 72 APM | 5085 actions | 70:15)
8 Blademaster
3 Wind Walk
3 Critical Strike
1 Bladestorm
1 Mirror Image
» actions
| Assign group hotkey | 7 | |
| Basic commands | 5 | |
| Build / train | 70 | |
| ESC pressed | 3 | |
| Enter build submenu | 28 | |
| Enter hero's abilities submenu | 11 | |
| Remove unit from queue | 3 | |
| Right click | 4074 | |
| Select / deselect | 408 | |
| Select group hotkey | 367 | |
| Use ability | 109 | |
5085 total
» units
| Peon | 15 | |
| Goblin Zeppelin | 3 | |
| Wind Rider | 9 | |
| Demolisher | 8 | |
35 total
» upgrades
| Envenomed Spears | 1 | |
| Ranged Weapons | 2 | |
| Armor | 2 | |
| Burning Oil | 1 | |
| Reinforced Defenses | 1 | |
7 total
» buildings
| Altar of Storms | 1 | |
| Orc Burrow | 7 | |
| Voodoo Lounge | 1 | |
| Great Hall | 1 | |
| War Mill | 1 | |
| Stronghold | 1 | |
| Fortress | 1 | |
| Beastiary | 5 | |
| Watch Tower | 4 | |
| Barracks | 3 | |
25 total
» build order
00:10 Altar of Storms
00:31 Orc Burrow
02:56 Voodoo Lounge
07:45 Great Hall
09:41 War Mill
10:01 Stronghold
12:23 Fortress
14:56 Orc Burrow
14:57 Orc Burrow
15:09 Beastiary
15:11 Beastiary
15:12 Beastiary
15:14 Beastiary
15:22 Beastiary
15:48 Orc Burrow
15:48 Orc Burrow
15:50 Orc Burrow
15:51 Orc Burrow
22:50 Watch Tower
24:55 Watch Tower
25:09 Barracks
25:13 Barracks
25:17 Barracks
26:56 Watch Tower
32:29 Watch Tower
» items
| Circlet of Nobility | 1 | |
| Lesser Clarity Potion | 2 | |
| Orb of Lightning | 1 | |
| Scroll of Town Portal | 2 | |
| Potion of Healing | 5 | |
| Potion of Mana | 1 | |
12 total
Stevo87 (
purple | 34 APM | 2383 actions | 70:55)
6 Priestess of the Moon
3 Trueshot Aura
2 Searing Arrows
1 Starfall
» actions
| Assign group hotkey | 11 | |
| Basic commands | 7 | |
| Build / train | 146 | |
| Enter build submenu | 49 | |
| Enter hero's abilities submenu | 7 | |
| Remove unit from queue | 7 | |
| Right click | 939 | |
| Select / deselect | 492 | |
| Select group hotkey | 563 | |
| Use ability | 162 | |
2383 total
» units
| Wisp | 81 | |
| Dryad | 19 | |
| Druid of the Claw | 2 | |
| Goblin Zeppelin | 13 | |
115 total
» upgrades
| Abolish Magic | 1 | |
| Strength of the Wild | 3 | |
| Reinforced Hides | 3 | |
| Druid of the Claw Training | 2 | |
| Nature's Blessing | 1 | |
| Mark of the Claw | 1 | |
| Ultravision | 1 | |
12 total
» buildings
| Altar of Elders | 1 | |
| Moon Well | 10 | |
| Ancient of War | 1 | |
| Tree of Life | 4 | |
| Tree of Ages | 1 | |
| Tree of Eternity | 1 | |
| Hunter's Hall | 2 | |
| Ancient of Lore | 4 | |
| Ancient Protector | 30 | |
54 total
» build order
00:14 Altar of Elders
00:42 Moon Well
03:59 Ancient of War
05:12 Tree of Life
05:31 Moon Well
10:31 Tree of Ages
12:53 Tree of Eternity
12:58 Hunter's Hall
14:35 Ancient of Lore
14:40 Ancient of Lore
14:44 Ancient of Lore
14:48 Ancient of Lore
14:55 Moon Well
14:56 Moon Well
15:11 Moon Well
15:12 Moon Well
17:22 Ancient Protector
17:23 Ancient Protector
17:23 Ancient Protector
17:50 Moon Well
17:51 Moon Well
17:58 Moon Well
17:59 Moon Well
20:10 Ancient Protector
20:16 Ancient Protector
20:26 Ancient Protector
22:13 Hunter's Hall
23:38 Ancient Protector
23:40 Ancient Protector
23:42 Ancient Protector
23:47 Ancient Protector
24:10 Tree of Life
24:59 Tree of Life
27:30 Ancient Protector
28:05 Ancient Protector
28:08 Ancient Protector
30:36 Ancient Protector
30:53 Ancient Protector
31:11 Ancient Protector
31:18 Ancient Protector
31:31 Ancient Protector
31:36 Ancient Protector
48:38 Tree of Life
56:45 Ancient Protector
56:47 Ancient Protector
56:49 Ancient Protector
67:47 Ancient Protector
68:01 Ancient Protector
68:03 Ancient Protector
68:22 Ancient Protector
68:26 Ancient Protector
69:02 Ancient Protector
69:05 Ancient Protector
69:27 Ancient Protector
» items
Chat log
(01:44 / All) pizzafan1739: hi guys
(01:50 / All) Stevo87: salve
(01:55 / All) stonelike: pls go easy :)
(01:59 / All) pizzafan1739: salve citizen
(02:00 / All) stonelike: my first game
(02:16 / All) stonelike: from?
(63:11 / All) pizzafan1739: hhey guys
(63:15 / All) pizzafan1739: my pizza's here
(66:27 / All) pizzafan1739: hey where are you guys from
(70:03 / All) ChriSzZ: get cancer fucktards
(70:06 / All) iggy_the_fisk: you are bad
(70:07 / All) pizzafan1739: lmao